 Dungeon Crawl Stone Soup version bcrawl-1.12-8-g964540c432 (webtiles) character file.

Game seed: 6498022541597308512

154 Morbidden the Twirler (level 5, 0/36 HPs)
             Began as a Dusk Walker Gladiator on June 2, 2019.
             Killed by divine providence
             ... invoked by an orc priest
              (12 damage)
             ... on level 3 of the Dungeon.
             The game lasted 00:03:29 (1435 turns).

Morbidden the Twirler (Dusk Walker Gladiator)       Turns: 1435, Time: 00:03:30

Health: 0/36       AC: 11    Str: 16    XL:     5   Next: 13%
Magic:  5/5        EV:  5    Int:  8    God:
Gold:   222        SH:  0    Dex: 14    Spells: 4/4 levels left

rFire    . . .     SeeInvis .   a - +0 quarterstaff
rCold    . . .     Gourm    .   (shield currently unavailable)
rNeg     . . .     Faith    .   e - +0 plate armour
rPois    .         Spirit   .   c - +0 helmet
rElec    +         Reflect  .   (no cloak)
rCorr    .         Harm     .   (no gloves)
MR       .....                  (no boots)
Stlth    +.........             (no amulet)
HPRegen  0.12/turn              b - ring of wizardry
MPRegen  0.09/turn              o - ring of insulation

@: lightly drained
A: draining touch, unencumbered stealth, fangs 2, nightstalker 1
a: no special abilities


You were on level 3 of the Dungeon.
You were not hungry.

You visited 1 branch of the dungeon, and saw 3 of its levels.

You collected 222 gold pieces.

Inventory:

Hand Weapons
 a - a +0 quarterstaff (weapon)
Missiles
 d - 3 throwing nets (quivered) {!f}
Armour
 c - a +0 helmet (worn)
 e - a +0 plate armour (worn)
Jewellery
 b - a ring of wizardry (left hand)
 o - a ring of insulation (right hand)
Scrolls
 g - a scroll of remove curse {unknown}
 h - 2 scrolls of identify {unknown}
 j - 2 scrolls of teleportation {unknown}
 l - a scroll of magic mapping {unknown}
 n - a scroll of enchant armour {unknown}
 r - a scroll of fog {unknown}
Potions
 i - a potion of heal wounds {unknown}
 k - a potion of curing {unknown}
 m - 3 potions of lignification {unknown}
 p - a potion of degeneration {unknown}
 s - a potion of flight {unknown}
Comestibles
 f - 12 rations {!d}
 q - 7 chunks of flesh


   Skills:
 * Level 2.9(2.8) Fighting
 * Level 6.3(6.1) Staves
 + Level 1.6(1.5) Throwing
 + Level 1.0(0.9) Armour
 + Level 3.4(3.3) Dodging
 * Level 1.3(1.1) Stealth


You had 4 spell levels left.
You didn't know any spells.
Your spell library was empty.

Dungeon Overview and Level Annotations

Branches:
Dungeon (3/12)

Altars:


Innate Abilities, Weirdness & Mutations

Your attacks drain your enemies.
You move stealthily even while encumbered by armour.
You have extremely sharp teeth.
You are slightly more attuned to the shadows.


Message History

The dart slug bites you but does no damage.
You sock the dart slug!
You kill the dart slug!
You start resting.
An orc priest comes into view. It is wielding a +0 club.
An orc priest is nearby!
You are too injured to fight recklessly!
You are too injured to fight recklessly!
Unknown command.
The orc priest shouts!
The orc priest calls down the wrath of Beogh upon you.
You struggle to resist.
The orc priest mumbles some strange prayers to Beogh against you.
You struggle to resist.
The orc priest calls down the wrath of Beogh upon you.
Beogh smites you!
You closely miss the orc priest.
The orc priest invokes the aid of Beogh against you.
Beogh smites you!
You die...

... # .. .. # ... #.## #
..o ..# # #.## #.## # ) ...
#..# # #.# #.####.###.# #
#...#..###.....# #
#.....o@.###.# #
####.###.###.# #
#))##.....# #
#######........#####+## #
#.....))######.........###
...#####....##....##.#.##..
.......................#
####.............#....##
#........##....##.#..#


You could see an orc priest.

Vanquished Creatures
  A scorpion (D:3)
  2 adders (D:3)
  2 oozes
  An adder skeleton (D:2)
  3 dart slugs
  A worm (D:2)
  2 leopard geckos
  6 orcs (D:3)
  2 ball pythons
  7 bats
  A giant cockroach (D:2)
  A goblin (D:1)
  11 hobgoblins
  4 jackals
  4 kobolds (D:1)
  A quokka (D:2)
  3 frilled lizards
  A rat (D:2)
53 creatures vanquished.

Notes
Turn   | Place    | Note
-------+----------+-------------------------------------------
     0 | D:1      | Morbidden the Dusk Walker Gladiator began the quest for the
                  | Orb.
     0 | D:1      | Reached XP level 1. HP: 14/14 MP: 1/1
   133 | D:1      | Reached XP level 2. HP: 17/20 MP: 2/2
   613 | D:2      | Reached XP level 3. HP: 17/25 MP: 3/3
   647 | D:2      | Reached skill level 5 in Staves
  1238 | D:3      | Noticed a scorpion
  1244 | D:3      | Killed a scorpion
  1244 | D:3      | Gained mutation: You are slightly more attuned to the
                  | shadows. [Dusk Walker growth]
  1244 | D:3      | Reached XP level 4. HP: 22/30 MP: 4/4
  1353 | D:3      | Reached skill level 1 in Armour
  1381 | D:3      | Reached skill level 6 in Staves
  1395 | D:3      | Reached XP level 5. HP: 17/36 MP: 5/5
  1399 | D:3      | Reached skill level 1 in Stealth
  1435 | D:3      | Killed from afar by an orc priest

Skill      XL: |  1  2  3  4  5 |
---------------+----------------+-----
Staves         | 5 6 |  6.3
Armour         | 1 |  1.0
Stealth        | 1 |  1.3
Fighting       | |  2.9
Throwing       | |  1.6
Dodging        | |  3.4

Action                   |  1- 3 |  4- 6 || total
-------------------------+-------+-------++-------
Melee: Quarterstaff      |   109 |    27 ||   136
       Bite              |    12 |     3 ||    15
  Eat: Chunk             |     1 |     1 ||     2
Armor: Plate armour      |    91 |    20 ||   111
       Leather armour    |     1 |       ||     1
Dodge: Dodged            |    31 |     7 ||    38
